[Event "Team 45 45 League T30"]
[Site "Internet Chess Club"]
[Date "2006.04.01"]
[Round "2"]
[White "mwm913"]
[Black "cazj"]
[Result "0-1"]
[WhiteElo "1333"]
[BlackElo "1359"]
[TimeControl "2700+45"]

1. e4 e5 2. Nf3 Nc6 3. Nc3 Nf6 4. Bb5 Bc5 5. O-O O-O 6. d3 d6 7. Bg5 Bg4 8. Nd5
Nd4 9. Bc4 c6 10. Nxf6+ gxf6 11. Be3 Bxf3 12. gxf3 Qd7 13. c3 Ne6 14. Bxe6 Qxe6
15. Bh6 Rfd8 16. Qd2 Qh3 17. d4 Kh8 18. Kh1 Qxf3+ {White resigns} 0-1  aics%

[Event "Team 45 45 League T30"]
[Site "Internet Chess Club"]
[Date "2006.03.31"]
[Round "2"]
[White "Midwest-Rook"]
[Black "PocketChange"]
[Result "1-0"]
[WhiteElo "1254"]
[BlackElo "1287"]
[TimeControl "2700+45"]

1. e4 e5 2. Bc4 Nf6 3. Nf3 Nc6 4. Ng5 d5 5. exd5 Nd4 6. c3 h6 7. cxd4 hxg5 8.
Qf3 Bg4 9. Qe3 Qd6 10. dxe5 Qb6 11. exf6+ Qxe3+ 12. dxe3 gxf6 13. Nc3 O-O-O 14.
Bd2 Bd6 15. h3 f5 16. f3 Bxf3 17. gxf3 g4 18. fxg4 fxg4 19. Ne4 Rxh3 20. Rxh3
gxh3 21. Nxd6+ Rxd6 22. Kf2 Rh6 23. Rh1 f5 24. Kg3 Kd7 25. e4 Rc6 26. b3 Ra6 27.
Bxa6 bxa6 28. exf5 Kd6 29. Rxh3 Kxd5 30. f6 Ke6 31. Bc3 Kf7 32. Rh7+ Kg6 33.
Rxc7 Kg5 34. f7 Kg6 35. f8=Q a5 36. Qf6+ Kh5 37. Rh7# {Black checkmated} 1-0 
aics%

[Event "Team 45 45 League T30"]
[Site "Internet Chess Club"]
[Date "2006.04.03"]
[Round "2"]
[White "Tom45"]
[Black "WannaB"]
[Result "1-0"]
[WhiteElo "1223"]
[BlackElo "1042"]
[TimeControl "2700+45"]

1. e4 c5 2. c4 d6 3. Nf3 e5 4. h3 Be7 5. Nc3 Nf6 6. d3 a6 7. a4 Nc6 8. b3 Nd4 9.
Nxd4 cxd4 10. Nd5 Nxd5 11. cxd5 O-O 12. Be2 Bd7 13. O-O Bg5 14. Bg4 Bxc1 15.
Rxc1 b5 16. b4 bxa4 17. Bxd7 Qxd7 18. Ra1 f5 19. f4 fxe4 20. dxe4 Rxf4 21. Rxf4
exf4 22. Qxd4 Qa7 23. Qxa7 Rxa7 24. Rxa4 Rc7 25. Rxa6 Rc4 26. Rxd6 Rxe4 27. b5
Rb4 28. b6 Kf7 29. Rd7+ Kf6 30. b7 Rb1+ 31. Kh2 Rb2 32. Rd6+ Ke5 33. Rd7 f3 34.
b8=Q+ Rxb8 35. gxf3 Rb2+ 36. Kg3 Kf6 37. h4 h6 38. Rd6+ Ke5 39. Rd7 Kf6 40. h5
Rb1 41. Rd6+ Ke7 42. Re6+ Kf7 43. Kf4 Rb4+ 44. Ke5 Rh4 45. f4 Rxh5+ 46. f5 Rh1
47. Kd6 Rf1 48. Re7+ Kf6 49. Re6+ Kxf5 50. Re5+ Kf6 51. Re6+ Kg5 52. Re5+ Rf5
53. Rxf5+ Kxf5 54. Kc5 g5 55. d6 Ke6 56. Kc6 g4 57. d7 Ke7 58. Kc7 g3 59. d8=Q+
Kf7 60. Qd2 h5 61. Qf4+ Kg6 62. Qxg3+ Kh6 63. Qh4 Kg6 64. Kd6 Kh6 65. Ke5 Kg6
66. Kf4 Kh6 67. Kf5 {Black resigns} 1-0  aics%

[Event "Team 45 45 League T30"]
[Site "Internet Chess Club"]
[Date "2006.04.02"]
[Round "2"]
[White "mambomex"]
[Black "ElmerHo"]
[Result "1-0"]
[WhiteElo "1676"]
[BlackElo "1647"]
[TimeControl "2700+45"]

1. e4 c5 2. d3 Nc6 3. g3 g6 4. Bg2 Bg7 5. Nf3 d6 6. c3 Nf6 7. O-O Bg4 8. h3 Bd7
9. Be3 e6 10. Nbd2 O-O 11. d4 cxd4 12. cxd4 Rc8 13. Rc1 a6 14. Ne1 e5 15. dxe5
Nxe5 16. f4 Rxc1 17. Qxc1 Nc6 18. Nd3 Qe7 19. e5 Rc8 20. Nc4 dxe5 21. Bc5 Qe6
22. fxe5 Nd5 23. Nd6 Nxe5 24. Nxe5 Bxe5 25. Nxc8 Bxc8 26. Rd1 Nc7 27. Rd8+ Ne8
28. Bd5 Qxh3 29. Rxe8+ Kg7 30. Qg5 f6 31. Rg8# {Black checkmated} 1-0  aics%

[Event "Team 45 45 League T30"]
[Site "Internet Chess Club"]
[Date "2006.03.31"]
[Round "2"]
[White "Spirou"]
[Black "egd01"]
[Result "1-0"]
[WhiteElo "1721"]
[BlackElo "1586"]
[TimeControl "2700+45"]

1. e4 c5 2. Nf3 d6 3. d4 cxd4 4. Nxd4 Nf6 5. Nc3 a6 6. Be3 e5 7. Nb3 Be6 8. f3
Nbd7 9. Qd2 b5 10. a4 Bxb3 11. cxb3 b4 12. Nd5 Nxd5 13. exd5 Nf6 14. O-O-O a5
15. Kb1 Be7 16. g4 O-O 17. h4 h6 18. g5 Ne8 19. gxh6 g6 20. h5 g5 21. Rg1 f6 22.
Qd3 Kh8 23. Bh3 Rg8 24. Be6 Nc7 25. Bxg8 Qxg8 26. Ka2 Qh7 27. Qc4 Rc8 28. Rc1
Bd8 29. Qc6 Qe7 30. Rgd1 f5 31. Bf2 Kh7 32. Bb6 Kxh6 33. Qc2 Qf7 34. Qd3 Ra8 35.
Bxc7 Bxc7 36. Qc4 Rc8 37. Qa6 Rh8 38. Rc6 Rh7 39. Rdc1 Bb8 40. Qc8 Ba7 41. Rc7
Qxd5 42. Rxh7+ Kxh7 43. Qxf5+ Kh8 44. Rc8+ {Black resigns} 1-0  aics%

[Event "Team 45 45 League T30"]
[Site "Internet Chess Club"]
[Date "2006.03.30"]
[Round "2"]
[White "GolferBob"]
[Black "gartman"]
[Result "1/2-1/2"]
[WhiteElo "1683"]
[BlackElo "1633"]
[TimeControl "2700+45"]

1. d4 Nf6 2. Bf4 e6 3. e3 c5 4. c3 Be7 5. Nd2 b6 6. Ngf3 O-O 7. Bd3 cxd4 8. exd4
Bb7 9. O-O d6 10. Qc2 Nc6 11. h3 Rc8 12. Rfe1 Nb4 13. Qb1 Nxd3 14. Qxd3 a6 15.
Rac1 Re8 16. Bh2 Nd5 17. a3 b5 18. Rcd1 Nb6 19. Qb1 Na4 20. Re2 Qb6 21. Ne4 a5
22. Rc1 Qc6 23. Qc2 Rc7 24. Qd2 b4 25. axb4 axb4 26. c4 b3 27. Qe3 Ba6 28. Bg3
Bxc4 29. Nfd2 Qa6 30. Nxc4 Rxc4 31. Rxc4 Qxc4 32. Bxd6 Qd5 33. Bxe7 Rxe7 34. Nc3
Nxc3 35. Qxc3 g6 36. Re3 Rd7 37. Qxb3 Qxd4 38. Qb8+ Rd8 39. Qb5 Qd1+ 40. Kh2
Qd6+ 41. g3 Rb8 42. Qe2 Qd4 43. Rc3 h5 44. Qc2 Kg7 45. b3 Qb4 46. Qb2 Kh6 47.
Qd2+ g5 48. Qd3 h4 49. gxh4 Qf4+ 50. Qg3 Qxh4 51. Qf3 f5 52. Rc6 Re8 53. Qe3 Kh5
54. Kg1 g4 55. hxg4+ Qxg4+ 56. Qg3 Qxg3+ 57. fxg3 Kg4 58. Kf2 e5 59. b4 Rb8 60.
Rc5 e4 61. b5 Rb6 62. Ke3 Kg5 63. Rd5 Kg4 64. Rc5 Kg5 {Game drawn by mutual
agreement} 1/2-1/2  aics%

[Event "Team 45 45 League T30"]
[Site "Internet Chess Club"]
[Date "2006.03.31"]
[Round "2"]
[White "Bowlomeat"]
[Black "PostMike"]
[Result "1-0"]
[WhiteElo "1565"]
[BlackElo "1515"]
[TimeControl "2700+45"]

1. e4 c5 2. Nf3 Nc6 3. d4 Nxd4 4. Nxd4 cxd4 5. Qxd4 d6 6. Nc3 Nf6 7. Bg5 Qa5 8.
Bxf6 gxf6 9. Bb5+ Bd7 10. Bxd7+ Kxd7 11. O-O Bh6 12. Rfd1 Bf4 13. Qc4 Rhf8 14.
Rd5 Qc7 15. Qxc7+ Kxc7 16. Rh5 Rh8 17. Nd5+ {Black resigns} 1-0  aics%

[Event "Team 45 45 League T30"]
[Site "Internet Chess Club"]
[Date "2006.04.03"]
[Round "2"]
[White "chesskix"]
[Black "stan194803"]
[Result "1-0"]
[WhiteElo "1529"]
[BlackElo "1389"]
[TimeControl "2700+45"]

1. c4 e5 2. Nc3 Nf6 3. g3 Bc5 4. e3 d5 5. cxd5 Nxd5 6. Bg2 Nb6 7. b3 c6 8. Bb2
O-O 9. Nf3 Bg4 10. O-O Qe7 11. Ne4 N8d7 12. Qc2 Bf5 13. d3 Bxe4 14. dxe4 Bd6 15.
Rac1 Rad8 16. Rfd1 Nf6 17. h3 Nbd7 18. Nd2 Bc7 19. Nb1 c5 20. Ba3 b6 21. Nc3 a6
22. Nd5 Qd6 23. Qe2 Nb8 24. g4 Nxd5 25. exd5 Qf6 26. Bb2 Qe7 27. Qc2 Rd6 28. Be4
Rh6 29. Bg2 Nd7 30. f4 exf4 31. exf4 Qe3+ 32. Qf2 Qxf2+ 33. Kxf2 Bxf4 34. Rc4
Rf6 35. Bxf6 Nxf6 36. Rxf4 h6 37. d6 Nd7 38. Bc6 Ne5 39. Bd5 Nd7 40. Re1 Rd8 41.
Bxf7+ Kh8 42. Re8+ Rxe8 43. Bxe8 Nf6 44. Rxf6 gxf6 45. d7 Kg8 46. d8=Q {Black
resigns} 1-0  aics%

[Event "Team 45 45 League T30"]
[Site "Internet Chess Club"]
[Date "2006.03.31"]
[Round "2"]
[White "WilmaP"]
[Black "jientho"]
[Result "0-1"]
[WhiteElo "1098"]
[BlackElo "1518"]
[TimeControl "2700+45"]

1. e4 e5 2. Nf3 Nf6 3. d4 Nxe4 4. Qe2 d5 5. Nxe5 Qf6 6. Qe3 Bd6 7. Nd2 Bxe5 8.
dxe5 Qg6 9. g3 Nxd2 10. Qxd2 Qe4+ 11. Qe2 Qxh1 12. Be3 Qe4 13. f3 Qxe5 14. O-O-O
Nc6 15. f4 Qe6 16. Bg2 Ne7 17. g4 Qxg4 18. Bf3 Qe6 19. Bg4 Qxg4 20. Qe1 O-O 21.
Bc5 Qxf4+ 22. Kb1 Re8 23. Rxd5 Be6 24. Re5 Rad8 25. Be3 Qxe5 26. a3 Qxe3 27.
Qxe3 Rd1+ {White resigns} 0-1  aics%

[Event "Team 45 45 League T30"]
[Site "Internet Chess Club"]
[Date "2006.04.01"]
[Round "2"]
[White "Havoc"]
[Black "wellfred"]
[Result "1-0"]
[WhiteElo "1311"]
[BlackElo "1139"]
[TimeControl "2700+45"]

1. e4 e5 2. Nf3 Nc6 3. d4 exd4 4. Bc4 h6 5. Nxd4 Bb4+ 6. c3 Nxd4 7. Qxd4 c5 8.
Qxg7 Qf6 9. Qxf6 Nxf6 10. cxb4 cxb4 11. Nd2 b6 12. e5 Ng4 13. O-O Nxe5 14. Re1
d6 15. Nf3 Be6 16. Bxe6 fxe6 17. Nxe5 dxe5 18. Rxe5 O-O-O 19. Be3 Rde8 20. Rc1+
Kb7 21. Rh5 Reg8 22. Rxh6 Rxh6 23. Bxh6 Ka6 24. Be3 Rg7 25. g3 Rd7 26. Kf1 Rd5
27. Ke2 Kb5 28. Rd1 Kc4 29. b3+ Kc3 30. Rxd5 exd5 31. h4 Kb2 32. h5 Kxa2 33. h6
Kxb3 34. h7 Kc4 35. h8=Q b3 36. Qd4+ Kb5 37. Qxd5+ Ka6 38. Qxb3 Ka5 39. Kd3 Ka6
40. g4 b5 41. Qa3+ Kb7 42. Qxa7+ Kc6 43. Qc5+ Kd7 44. Qxb5+ Ke6 45. Qc5 Kf6 46.
Qf5+ Ke7 47. Bc5+ Ke8 48. Qe6+ Kd8 49. Kd4 Kc7 50. Qd6+ Kb7 51. Qb6+ Kc8 52. Kd5
Kd7 53. Qd6+ Kc8 54. Bb6 Kb7 55. Qc7+ Ka6 56. Qa7+ Kb5 57. Qa5# {Black
checkmated} 1-0  aics%

[Event "Team 45 45 League T30"]
[Site "Internet Chess Club"]
[Date "2006.04.01"]
[Round "2"]
[White "slakkjaw"]
[Black "guyd52"]
[Result "0-1"]
[WhiteElo "1268"]
[BlackElo "1330"]
[TimeControl "2700+45"]

1. d4 d5 2. c4 c6 3. Nc3 Nf6 4. Nf3 Bg4 5. Qc2 dxc4 6. Bf4 Bxf3 7. gxf3 Qxd4 8.
e3 Qc5 9. O-O-O b5 10. e4 e5 11. Be3 Qb4 12. a3 Qa5 13. Bd2 Qc7 14. Bh3 Bc5 15.
Bg5 Nbd7 16. Rd2 h6 17. Bh4 O-O 18. Bg3 Bd6 19. Ne2 Nh5 20. Bh4 g5 21. Bxg5 hxg5
22. Rg1 f6 23. Bf5 Rad8 24. h4 Be7 25. Rg4 Ng7 26. Qd1 gxh4 27. Qh1 Kf7 28. Bg6+
Ke6 29. f4 Bc5 30. Rxh4 Bxf2 31. f5+ Ke7 32. Rh7 Rg8 33. Qh6 Kf8 34. Qh2 Be3 35.
Kc2 Bxd2 36. Nd4 Qd6 37. Ne6+ Ke7 38. Nxd8 Qd3+ 39. Kd1 Bf4+ 40. Ke1 Bxh2 41.
Nxc6+ Kd6 42. Nd8 Bg3# {White checkmated} 0-1  aics%

[Event "Team 45 45 League T30"]
[Site "Internet Chess Club"]
[Date "2006.03.31"]
[Round "2"]
[White "SandiaCaveMan"]
[Black "Mutaant"]
[Result "0-1"]
[WhiteElo "1350"]
[BlackElo "1404"]
[TimeControl "2700+45"]

1. d4 d5 2. Nf3 Bg4 3. Nbd2 Nf6 4. e3 e6 5. Be2 Bb4 6. Ne5 Bf5 7. c3 Bd6 8. Nef3
h6 9. Nh4 Bh7 10. Nhf3 Nbd7 11. c4 b6 12. cxd5 Nxd5 13. Bb5 O-O 14. Bc6 Rb8 15.
Nc4 Be7 16. Nfe5 N7f6 17. Bb5 Bb4+ 18. Bd2 Ra8 19. Nc6 Bxd2+ 20. Qxd2 Qe8 21.
N4e5 Ne4 22. Qe2 a6 23. Bxa6 f6 24. Bb7 fxe5 25. Bxa8 Qxa8 26. Nxe5 Qa5+ 27. Kd1
Nxf2+ 28. Kc1 Nxh1 29. Nc6 Rf2 30. Qxf2 Nxf2 31. Nxa5 bxa5 32. Kd2 Ne4+ 33. Ke2
Kf7 34. Rf1+ Ke7 35. Rc1 Kd6 36. Kf3 c5 37. dxc5+ Nxc5 38. Rd1 Ke5 39. Rc1 Nd3
40. Rc8 Nxb2 41. Ra8 a4 42. Ra7 Be4+ 43. Kf2 g6 44. g4 Bc2 45. Rh7 Nc4 46. Rxh6
Ncxe3 47. Rxg6 Bxg6 48. h4 Nxg4+ 49. Kg3 Ngf6 50. Kf3 Kd4 51. Ke2 e5 52. Kd2 e4
53. a3 e3+ 54. Ke1 Nf4 55. Kd1 Kd3 56. Ke1 Ne4 57. Kf1 e2+ 58. Ke1 Ng2# {White
checkmated} 0-1  aics%

[Event "Team 45 45 League T30"]
[Site "Internet Chess Club"]
[Date "2006.04.01"]
[Round "2"]
[White "JLMOE"]
[Black "Traho"]
[Result "0-1"]
[WhiteElo "1266"]
[BlackElo "1309"]
[TimeControl "2700+45"]

1. b3 e5 2. Bb2 Nc6 3. e3 a6 4. Nc3 d6 5. Nf3 Nf6 6. Be2 Be7 7. d4 e4 8. Nd2 d5
9. Na4 b5 10. Nc5 O-O 11. h4 Nd7 12. Nxd7 Bxd7 13. Bg4 f5 14. Be2 Bxh4 15. Nf1
Be7 16. Qd2 Bd6 17. a3 f4 18. O-O-O f3 19. gxf3 exf3 20. Bd3 Bf5 21. Ng3 Bxd3
22. Qxd3 g6 23. Rdg1 Bxg3 24. Rxg3 Qf6 25. e4 Qf4+ 26. Qd2 Qxd2+ 27. Kxd2 dxe4
28. Ke3 Rae8 29. Rh4 Nd8 30. d5 Nf7 31. Rxe4 Rxe4+ 32. Kxe4 Nd6+ 33. Kd3 Ne8 34.
c4 bxc4+ 35. bxc4 Ng7 36. Be5 Nh5 37. Rg5 Nf4+ 38. Bxf4 Rxf4 39. c5 Ra4 40. Re5
Rxa3+ 41. Ke4 Kf8 42. Kf4 Kf7 43. d6 cxd6 44. cxd6 Rd3 45. Re7+ Kf8 46. Ke5 Rd2
47. Kf6 Rxd6+ 48. Re6 Rxe6+ 49. Kxe6 a5 {White resigns} 0-1  aics%

[Event "Team 45 45 League T30"]
[Site "Internet Chess Club"]
[Date "2006.04.01"]
[Round "2"]
[White "littleboo"]
[Black "PaleMorningDun"]
[Result "0-1"]
[WhiteElo "1242"]
[BlackElo "1352"]
[TimeControl "2700+45"]

1. e4 d5 2. exd5 Nf6 3. d4 Bg4 4. f3 Bf5 5. c4 e6 6. Qb3 Qc8 7. dxe6 Qxe6+ 8.
Ne2 b6 9. Bf4 Bd6 10. Bxd6 Qxd6 11. Qb5+ Nbd7 12. Qxf5 Qb4+ 13. Nbc3 O-O 14. Qb5
Qe7 15. Nd5 Nxd5 16. Qxd5 Qb4+ 17. Kf2 Qxb2 18. Rd1 Nf6 19. Qc6 Rac8 20. Qa4
Rfe8 21. Qxa7 Ra8 22. Qxc7 Rxa2 23. Kg1 h6 24. Re1 Qd2 25. Qg3 Nh5 26. Qh4 g5
27. Qf2 Nf4 28. d5 Nd3 29. Qd4 Qxe1 30. Qxd3 Raxe2 31. h3 Rd2 32. Qa3 Rf2 33.
Kh2 Rxf1 34. Rxf1 Qxf1 35. Qa6 Re2 36. Qc8+ Kg7 37. Qg4 f5 38. Qg3 Qf2 39. Qc7+
Kg6 40. Qd6+ Kh5 41. Qg3 Qxg3+ 42. Kxg3 Rc2 43. f4 Rxc4 44. fxg5 Kxg5 45. d6 Rd4
46. Kf2 Rxd6 {White resigns} 0-1  aics%

[Event "Team 45 45 League T30"]
[Site "Internet Chess Club"]
[Date "2006.04.04"]
[Round "2"]
[White "dcuprill"]
[Black "fabill"]
[Result "0-1"]
[WhiteElo "1113"]
[BlackElo "1210"]
[TimeControl "2700+45"]

1. e4 e6 2. Nf3 c5 3. d4 d6 4. dxc5 a6 5. e5 d5 6. Nc3 Bxc5 7. Be3 Qc7 8. Bxc5
Qxc5 9. Qd4 Qxd4 10. Nxd4 Bd7 11. O-O-O Ne7 12. g4 Nbc6 13. a3 Nxe5 14. Bg2 Nxg4
15. Rd2 O-O 16. Bh3 Nf6 17. Nf3 h6 18. Ne5 Be8 19. Rg1 Nc6 20. f4 Nh5 21. Ne2
Nxe5 22. fxe5 g6 23. Bg4 Ng7 24. Nd4 Bd7 25. Rdg2 b5 26. b4 a5 27. Kb2 axb4 28.
axb4 Ra4 29. c3 Rfa8 30. Kc2 Ra2+ 31. Kd3 R2a3 32. Nf3 Rb3 33. Nd4 Rba3 34. Nf3
Ra1 35. Rxa1 Rxa1 36. Rb2 h5 37. Nd2 hxg4 {White resigns} 0-1  aics%

[Event "Team 45 45 League T30"]
[Site "Internet Chess Club"]
[Date "2006.04.04"]
[Round "2"]
[White "DarrkKnight"]
[Black "nightly"]
[Result "0-1"]
[WhiteElo "1870"]
[BlackElo "1852"]
[TimeControl "2700+45"]

1. e4 c5 2. Nf3 g6 3. d4 cxd4 4. Nxd4 Nc6 5. Be3 Nf6 6. Nc3 Bg7 7. Bc4 O-O 8.
Qd2 Ng4 9. Nxc6 dxc6 10. Qxd8 Rxd8 11. Bg5 Kf8 12. f3 Bxc3+ 13. bxc3 Ne5 14. Bb3
a5 15. a4 b6 16. Bf4 Nd7 17. Ke2 Ba6+ 18. Ke3 e5 19. Bh6+ Ke7 20. h4 Nc5 21.
Rad1 f6 22. c4 Ne6 23. g3 Nd4 24. f4 exf4+ 25. gxf4 c5 26. h5 Kf7 27. Rd2 Bb7
28. Rg1 Re8 29. e5 Nf5+ {White resigns} 0-1  aics%

[Event "Team 45 45 League T30"]
[Site "Internet Chess Club"]
[Date "2006.04.02"]
[Round "2"]
[White "Rlopez"]
[Black "Qualm"]
[Result "1/2-1/2"]
[WhiteElo "1809"]
[BlackElo "1837"]
[TimeControl "2700+45"]

1. d4 Nf6 2. c4 g6 3. Nc3 d5 4. cxd5 Nxd5 5. e4 Nxc3 6. bxc3 Bg7 7. Bc4 O-O 8.
Be3 c5 9. Ne2 cxd4 10. cxd4 Nc6 11. O-O Bg4 12. f3 Na5 13. Bd5 Bd7 14. Rb1 a6
15. Bxb7 Ra7 16. Bd5 Bb5 17. Re1 e6 18. Bb3 Rd7 19. d5 Nxb3 20. Qxb3 exd5 21.
exd5 Rxd5 22. Nf4 Rd7 23. a4 Bc6 24. Rbc1 Qa8 25. Qc2 Rc8 26. a5 Bb7 27. Qa4 Bc6
28. Qa3 Bb5 29. Bb6 Rxc1 30. Qxc1 Bd4+ 31. Bxd4 Rxd4 32. Qe3 Qd8 {Game drawn by
mutual agreement} 1/2-1/2  aics%

[Event "Team 45 45 League T30"]
[Site "Internet Chess Club"]
[Date "2006.04.01"]
[Round "2"]
[White "buzzard"]
[Black "herbertfaria"]
[Result "1-0"]
[WhiteElo "1699"]
[BlackElo "1699"]
[TimeControl "2700+45"]

1. e4 e5 2. Nf3 Nc6 3. Bc4 Bc5 4. b4 Bxb4 5. c3 Be7 6. d4 d6 7. h3 Bd7 8. a4
exd4 9. cxd4 Bf6 10. e5 dxe5 11. dxe5 Nxe5 12. Nxe5 Bxe5 13. Ra2 Bc6 14. Rd2 Qh4
15. Qe2 Qe4 16. Ba3 Qxb1+ 17. Rd1 Qe4 18. Qxe4 Bxe4 19. O-O Rd8 20. Bxf7+ Kxf7
21. Rxd8 Bd6 22. Bxd6 cxd6 23. Rd1 d5 24. a5 h5 25. f3 Bc2 26. R1xd5 Rh6 27.
R5d7+ Ne7 28. Rxb7 Kf6 29. Rf8+ Kg5 30. Rxe7 Kh4 31. Rxg7 Rg6 32. Rxg6 Bxg6 33.
Rg8 Kg5 34. Rg7 a6 35. f4+ Kf6 36. Rd7 Ke6 37. Rb7 Bd3 38. Rb6+ Kf5 39. g3 h4
40. Rd6 Bc4 41. Rd4 Bb3 42. g4+ Ke6 43. Rb4 Bd1 44. Rb6+ Kd5 45. Rxa6 Ke4 46. f5
Kf3 47. Rd6 Be2 48. a6 Kg3 49. Re6 Bc4 50. Re3+ Kf4 51. Ra3 Kg5 52. a7 Bd5 53.
Ra5 Ba8 54. Ra6 Kf4 55. Kf2 Kg5 56. Ke3 Bb7 57. Rg6# {Black checkmated} 1-0 
aics%

[Event "Team 45 45 League T30"]
[Site "Internet Chess Club"]
[Date "2006.04.03"]
[Round "2"]
[White "hondocando"]
[Black "Migs-19"]
[Result "0-1"]
[WhiteElo "1626"]
[BlackElo "1595"]
[TimeControl "2700+45"]

1. e4 d5 2. exd5 Nf6 3. c4 e6 4. dxe6 Bxe6 5. Nc3 Bc5 6. Nf3 Qe7 7. Qe2 Nc6 8.
Ne4 O-O 9. a3 Rfe8 10. Kd1 Rad8 11. b4 Nxe4 12. Qxe4 Bxf2 13. Bb2 Qd7 14. Qc2
Bf5 15. d3 Bd4 16. Nxd4 Nxd4 17. Qc3 Qa4+ 18. Kd2 Nb3+ 19. Kc2 Nxa1+ 20. Kb1
Qd1+ 21. Ka2 f6 22. Bxa1 Re1 23. Qb2 Rxf1 24. Rxf1 Qxf1 25. Qb1 Qxb1+ 26. Kxb1
Rxd3 {White resigns} 0-1  aics%

[Event "Team 45 45 League T30"]
[Site "Internet Chess Club"]
[Date "2006.04.05"]
[Round "2"]
[White "houthakker"]
[Black "room-matt"]
[Result "1-0"]
[WhiteElo "2135"]
[BlackElo "1824"]
[TimeControl "2700+45"]

1. d4 d5 2. Bg5 h6 3. Bh4 c6 4. Nf3 Qb6 5. Qc1 Bf5 6. e3 e6 7. Be2 Nd7 8. O-O
Ngf6 9. Nbd2 Be7 10. c4 O-O 11. Ne5 Rad8 12. Bg3 Bb4 13. c5 Bxd2 14. Qxd2 Ne4
15. cxb6 Nxd2 16. Nxd7 Rxd7 17. bxa7 Ra8 18. Rfd1 Ne4 19. Bb8 Nd6 20. b4 Nc8 21.
a4 Nxa7 22. Bg3 f6 23. Rdc1 g5 24. b5 Rh7 25. b6 Nc8 26. a5 Rd7 27. Bc7 Nd6 28.
a6 bxa6 29. Rxc6 Nb7 30. Rxa6 Rxa6 31. Bxa6 Nd8 32. Bxd8 Rxd8 33. Rc8 {Black
resigns} 1-0  aics%

[Event "Team 45 45 League T30"]
[Site "Internet Chess Club"]
[Date "2006.04.01"]
[Round "2"]
[White "Simonside"]
[Black "alastorx"]
[Result "1-0"]
[WhiteElo "1859"]
[BlackElo "1791"]
[TimeControl "2700+45"]

1. Nf3 e6 2. c4 d5 3. b3 c5 4. Bb2 Nf6 5. g3 Be7 6. Bg2 O-O 7. O-O Nc6 8. e3 Qc7
9. Nc3 a6 10. d3 Rd8 11. Qe2 h6 12. Rac1 dxc4 13. bxc4 e5 14. e4 Nd4 15. Nxd4
cxd4 16. Nd5 Nxd5 17. cxd5 Qa5 18. f4 f6 19. fxe5 fxe5 20. Qh5 Bf6 21. Rxf6 gxf6
22. Qg6+ Kh8 23. Qxh6+ Kg8 24. Qg6+ Kh8 25. Qxf6+ Kg8 26. Qg5+ Kh7 27. Qxe5 Rd7
28. Qh5+ Kg8 29. Bxd4 {Black resigns} 1-0  aics%

[Event "Team 45 45 League T30"]
[Site "Internet Chess Club"]
[Date "2006.04.02"]
[Round "2"]
[White "Egmont"]
[Black "bondguy01"]
[Result "1-0"]
[WhiteElo "1732"]
[BlackElo "1655"]
[TimeControl "2700+45"]

1. e4 e5 2. Nf3 Nc6 3. Bb5 a6 4. Ba4 Nf6 5. O-O Be7 6. Bxc6 dxc6 7. d3 Nd7 8.
Nbd2 O-O 9. Nc4 f6 10. Nh4 Nc5 11. Ne3 Ne6 12. Nhf5 Nd4 13. c3 Nxf5 14. Nxf5
Bxf5 15. exf5 Qd7 16. g4 Rad8 17. Qb3+ Kh8 18. Qxb7 Qxd3 19. Qxc6 Bd6 20. Be3
Qb5 21. Qxb5 axb5 22. f3 Be7 23. Rfd1 Rxd1+ 24. Rxd1 Rd8 25. Rxd8+ Bxd8 26. Bc5
c6 27. Kf2 Kg8 28. Ke3 Kf7 29. Kd3 Be7 30. Bxe7 Kxe7 31. c4 Kd6 32. cxb5 cxb5
33. b3 Kc5 34. a3 g6 35. fxg6 hxg6 36. h4 b4 37. a4 Kd5 38. h5 gxh5 39. gxh5
{Black resigns} 1-0  aics%

[Event "Team 45 45 League T30"]
[Site "Internet Chess Club"]
[Date "2006.04.03"]
[Round "2"]
[White "clarinetref"]
[Black "NFK"]
[Result "1-0"]
[WhiteElo "1641"]
[BlackElo "1616"]
[TimeControl "2700+45"]

1. Nf3 d5 2. c4 Nf6 3. g3 d4 4. d3 c5 5. Bg2 Nc6 6. O-O Bg4 7. Nbd2 Qd7 8. Re1
e6 9. a3 Bd6 10. Nf1 h6 11. Rb1 O-O 12. Bd2 a5 13. e3 e5 14. Qc2 Rfe8 15. exd4
exd4 16. Qc1 Bxf3 17. Bxf3 Ne5 18. Be2 Qf5 19. Bf4 g5 20. Bxe5 Bxe5 21. Nd2 h5
22. Nf3 g4 23. Nh4 Qh7 24. b4 Nd7 25. bxc5 Nxc5 26. Rb5 Rec8 27. Qg5+ {Black
resigns} 1-0  aics%

[Event "Team 45 45 League T30"]
[Site "Internet Chess Club"]
[Date "2006.03.31"]
[Round "2"]
[White "BooRadley"]
[Black "Tomate"]
[Result "0-1"]
[WhiteElo "1283"]
[BlackElo "1463"]
[TimeControl "2700+45"]

1. Nf3 Nc6 2. g3 e5 3. d3 d6 4. Nbd2 Nf6 5. Bg2 Be7 6. b3 O-O 7. a3 Bg4 8. O-O
Rb8 9. c4 a6 10. Qc2 Qd7 11. Nh4 Nd4 12. f3 Nxc2 {White resigns} 0-1  aics%

[Event "Team 45 45 League T30"]
[Site "Internet Chess Club"]
[Date "2006.04.03"]
[Round "2"]
[White "Visin"]
[Black "JimGaming"]
[Result "1-0"]
[WhiteElo "1306"]
[BlackElo "1253"]
[TimeControl "2700+45"]

1. e4 e5 2. Nf3 Nc6 3. Bc4 Bc5 4. d3 Nf6 5. Nc3 O-O 6. Bg5 d6 7. Nd5 Na5 8. Bxf6
gxf6 9. Qd2 Nxc4 10. dxc4 c6 11. Ne3 Qb6 12. b3 Ba3 13. O-O Be6 14. Nh4 c5 15.
Nef5 Bxf5 16. Nxf5 Rad8 17. Qh6 Kh8 18. Qg7# {Black checkmated} 1-0  aics%

[Event "Team 45 45 League T30"]
[Site "Internet Chess Club"]
[Date "2006.04.03"]
[Round "2"]
[White "Hastings"]
[Black "Gralem"]
[Result "1-0"]
[WhiteElo "1295"]
[BlackElo "1236"]
[TimeControl "2700+45"]

1. e4 e6 2. d4 d5 3. e5 c5 4. c3 Nc6 5. Nf3 Qb6 6. Bd3 Nge7 7. O-O cxd4 8. cxd4
Nf5 9. Bxf5 exf5 10. Nc3 Be6 11. Nh4 Nxd4 12. Be3 Bc5 13. Na4 Qb4 14. Nxc5 Ne2+
15. Qxe2 Qxh4 16. Qb5+ {Black resigns} 1-0  aics%  catrasca(71): si, a la noche
siempre, en la tarde a veces aics%

[Event "Team 45 45 League T30"]
[Site "Internet Chess Club"]
[Date "2006.04.02"]
[Round "2"]
[White "GLuft"]
[Black "Cataclysm"]
[Result "1-0"]
[WhiteElo "1226"]
[BlackElo "1102"]
[TimeControl "2700+45"]

1. e4 c5 2. Nc3 Nc6 3. f4 d5 4. exd5 Nb4 5. a3 Nxd5 6. Bb5+ Bd7 7. Bxd7+ Qxd7 8.
Nxd5 Qxd5 9. Qf3 Nf6 10. Ne2 e6 11. Nc3 Qxf3 12. gxf3 a6 13. Ne4 Be7 14. b4 c4
15. Bb2 Nh5 16. O-O-O b6 17. Be5 O-O 18. Rhg1 Rac8 19. Rg2 Rfd8 20. Rdg1 Bf8 21.
Rg5 f6 22. Nxf6+ Kf7 23. Nxh5 g6 24. Nf6 Be7 25. Nxh7 Bxg5 26. Nxg5+ Ke7 27. Ne4
Rg8 28. Bf6+ Kd7 29. Be5 Kc6 30. Rg5 Kb5 31. Nd6+ Ka4 32. Nxc8 Rxc8 33. Rxg6
Kxa3 34. Rxe6 Rg8 35. Bd4 Rg2 36. Rxb6 Rxh2 37. Bb2+ Ka4 38. d3 cxd3 39. cxd3
Kb3 40. f5 Rxb2 41. f6 Rf2 42. Rxa6 Rxf3 43. Kd2 Rf4 44. b5 Kb4 45. Ke3 Rf5 46.
Ke4 Rxb5 47. f7 Rb8 48. Rf6 Rf8 49. d4 Kc4 50. d5 Kc5 51. Ke5 Kc4 52. d6 Kc5 53.
Ke6 Kc6 54. Ke7 Ra8 55. d7+ Kc7 56. f8=Q Rxf8 57. Rxf8 {Black resigns} 1-0 
aics%

[Event "Team 45 45 League T30"]
[Site "Internet Chess Club"]
[Date "2006.04.01"]
[Round "2"]
[White "sdcohle"]
[Black "chesskix"]
[Result "0-1"]
[WhiteElo "1373"]
[BlackElo "1518"]
[TimeControl "2700+45"]

1. d4 Nf6 2. c4 g6 3. e3 Bg7 4. Nf3 d6 5. Nc3 O-O 6. Be2 c5 7. O-O Nc6 8. b3 Ng4
9. h3 Nh6 10. Bb2 e5 11. dxe5 dxe5 12. e4 Nd4 13. Nd5 Nxf3+ 14. Bxf3 Be6 15. Qc2
Qd7 16. Rad1 Bxd5 17. Rxd5 Qe7 18. Rfd1 Rad8 19. R1d3 Rxd5 20. cxd5 Qd6 21. Ba3
b6 22. Rc3 f5 23. Rc4 fxe4 24. Bxe4 Nf5 25. b4 Nd4 26. Qd3 Qf6 27. f3 Bh6 28.
bxc5 Qh4 29. cxb6 Qe1+ 30. Kh2 Bf4+ 31. g3 Qxg3+ 32. Kh1 Qh2# {White checkmated}
0-1  aics%

[Event "Team 45 45 League T30"]
[Site "Internet Chess Club"]
[Date "2006.04.03"]
[Round "2"]
[White "nodakindy"]
[Black "pk4"]
[Result "1-0"]
[WhiteElo "1212"]
[BlackElo "1336"]
[TimeControl "2700+45"]

1. d4 d6 2. Nf3 Nf6 3. e3 b6 4. Bd3 Bb7 5. Nbd2 e6 6. c3 Qd7 7. O-O Nc6 8. Re1
Be7 9. e4 O-O-O 10. Qe2 Rde8 11. a4 Nb8 12. a5 Kd8 13. axb6 axb6 14. b4 Qc8 15.
c4 Kd7 16. e5 Ng4 17. exd6 Bxd6 18. Ne5+ Nxe5 19. dxe5 Bxb4 20. Rd1 Ke7 21. Qg4
Kf8 22. Qf4 Nc6 23. Nf3 h6 24. Bg6 Re7 25. Ba3 Qe8 26. Bxb4 Nxb4 27. Rd2 Kg8 28.
Be4 Bxe4 29. Qxe4 f5 30. exf6 {Black resigns} 1-0  aics%